[Event "Klatovy Open-C 2024"]
[Site "Klatovy"]
[Date "2024.07.02"]
[Round "4.9"]
[White "Danek, Vaclav"]
[Black "Pokora, Lubomir"]
[Result "1/2-1/2"]
[ECO "A00"]
[WhiteElo "1922"]
[BlackElo "1857"]
[Annotator "RC"]
[PlyCount "54"]
[EventDate "2024.06.21"]
[EventType "swiss"]
[EventCountry "CZE"]
[SourceTitle "playchess.com"]
[Source "ChessBase"]
[SourceQuality "1"]
[TimeControl "40/7200:0"]

1. b4 e5 2. Bb2 d6 3. e3 Nd7 4. c4 Ngf6 5. Be2 Be7 6. Nc3 c6 7. Nf3 O-O 8. O-O Re8 9. Qb3 h6 10. d3 Nf8 11. a4 Be6 12. Qc2 N6d7 13. d4 Bg4 14. h3 Bh5 15. b5 Bg6 16. Bd3 Qc7 17. Nd2 exd4 18. exd4 Bf6 19. Nce4 Be7 20. f4 Nf6 21. Ng3 Bxd3 22. Qxd3 g6 23. d5 cxd5 24. cxd5 Qc5+ 25. Qd4 Qxd4+ 26. Bxd4 Nxd5 27. f5 Bg5 1/2-1/2

[Event "Klatovy Open-C 2024"]
[Site "Klatovy"]
[Date "2024.07.02"]
[Round "4.10"]
[White "Cecil, Pavel"]
[Black "Navratilova, Alena"]
[Result "1/2-1/2"]
[ECO "A38"]
[WhiteElo "1896"]
[BlackElo "1729"]
[Annotator "NA RC"]
[PlyCount "35"]
[EventDate "2024.06.21"]
[EventType "swiss"]
[EventCountry "CZE"]
[SourceTitle "playchess.com"]
[Source "ChessBase"]
[SourceQuality "1"]
[TimeControl "40/7200:0"]

1. c4 c5 2. Nc3 Nf6 3. Nf3 g6 4. g3 Bg7 5. Bg2 O-O 6. O-O d6 7. Rb1 Nc6 8. a3 a6 9. d3 Rb8 10. Nd2 Bd7 11. Nd5 Re8 12. b4 cxb4 13. Nxb4 Nxb4 14. axb4 Qc8 15. e4 Bh3 16. Bb2 Bxg2 17. Kxg2 Nh5 18. Bxg7 1/2-1/2

[Event "Klatovy Open-C 2024"]
[Site "Klatovy"]
[Date "2024.07.04"]
[Round "6.1"]
[White "Kopta, Pavel"]
[Black "Chalus, Karel"]
[Result "1/2-1/2"]
[ECO "A88"]
[WhiteElo "2193"]
[BlackElo "1982"]
[Annotator "RC"]
[PlyCount "29"]
[EventDate "2024.06.21"]
[EventType "swiss"]
[EventCountry "CZE"]
[SourceTitle "playchess.com"]
[Source "ChessBase"]
[SourceQuality "1"]
[TimeControl "40/7200:0"]

1. d4 f5 2. g3 Nf6 3. Bg2 g6 4. c4 Bg7 5. Nc3 c6 6. Nf3 O-O 7. O-O d6 8. Re1 Na6 9. a3 Nc7 10. Qc2 Bd7 11. b3 Rb8 12. a4 a5 13. Bb2 Na6 14. Rad1 Nb4 15. Qc1 1/2-1/2

[Event "Klatovy Open-C 2024"]
[Site "Klatovy"]
[Date "2024.07.04"]
[Round "6.2"]
[White "Ondrejat, Miroslav"]
[Black "Korsa, Jindrich"]
[Result "1/2-1/2"]
[ECO "D67"]
[WhiteElo "1940"]
[BlackElo "2036"]
[Annotator "RC"]
[PlyCount "142"]
[EventDate "2024.06.21"]
[EventType "swiss"]
[EventCountry "CZE"]
[SourceTitle "playchess.com"]
[Source "ChessBase"]
[SourceQuality "1"]
[TimeControl "40/7200:0"]

1. d4 Nf6 2. c4 e6 3. Nc3 d5 4. Bg5 Be7 5. e3 O-O 6. Nf3 c6 7. Rc1 Nbd7 8. Bd3 dxc4 9. Bxc4 Nd5 10. Bxe7 Qxe7 11. O-O Nxc3 12. Rxc3 b5 13. Bd3 Bb7 14. Qe2 Rac8 15. Rfc1 b4 16. R3c2 c5 17. Ba6 Bxa6 18. Qxa6 Rc7 19. dxc5 Nxc5 20. Qa5 Rfc8 21. Qxb4 Qd8 22. Rd2 Nd3 23. Rcd1 Rd7 24. Qb5 Rc5 25. Qa6 Rcd5 26. h3 Nxb2 27. Rxd5 Nxd1 28. Rc5 Rc7 29. Rxc7 Qxc7 30. Qa4 Qd8 31. Qxa7 Nc3 32. Ne5 Qe8 33. a3 f6 34. Qd7 Qxd7 35. Nxd7 Kf7 36. Nb6 Ke7 37. Nc4 Kd7 38. f3 Kc6 39. Kf2 Kc5 40. Nd2 f5 41. g4 Nb5 42. gxf5 exf5 43. a4 Nc7 44. Kg3 Ne6 45. Nb3+ Kc4 46. Nd2+ Kb4 47. e4 f4+ 48. Kg4 g6 49. e5 Kxa4 50. Ne4 Kb4 51. Nf6 h6 52. Nd5+ Kc5 53. Nxf4 Nf8 54. h4 Kc6 55. h5 g5 56. Ng6 Ne6 57. Ne7+ Kd7 58. Ng8 Nd4 59. Nxh6 Ke6 60. f4 gxf4 61. Kxf4 Ne2+ 62. Kg5 Nd4 63. Ng4 Kf7 64. h6 Ne6+ 65. Kf5 Nd4+ 66. Ke4 Ne6 67. Kd5 Ng5 68. Nf6 Kg6 69. h7 Kg7 70. e6 Nxe6 71. Kxe6 Kh8 1/2-1/2

[Event "Klatovy Open-C 2024"]
[Site "Klatovy"]
[Date "2024.07.04"]
[Round "6.3"]
[White "Berka, Lubos"]
[Black "Zahorbensky, Jaroslav"]
[Result "1/2-1/2"]
[ECO "B07"]
[WhiteElo "1835"]
[BlackElo "2032"]
[Annotator "NA RC"]
[PlyCount "58"]
[EventDate "2024.06.21"]
[EventType "swiss"]
[EventCountry "CZE"]
[SourceTitle "playchess.com"]
[Source "ChessBase"]
[SourceQuality "1"]
[TimeControl "40/7200:0"]

1. e4 d6 2. d4 Nf6 3. Nc3 c6 4. Nf3 Bg4 5. Be2 Nbd7 6. O-O e5 7. Be3 Be7 8. h3 Bxf3 9. Bxf3 O-O 10. d5 cxd5 11. Nxd5 Nxd5 12. Qxd5 Qc7 13. c3 Nb6 14. Bxb6 Qxb6 15. Qb3 Qc6 16. Rad1 Rac8 17. Rd5 Rc7 18. Rfd1 g6 19. Qb5 Kg7 20. Qe2 Qc4 21. Qxc4 Rxc4 22. R5d3 Rfc8 23. Re1 Ra4 24. a3 Rc7 25. g3 f5 26. exf5 gxf5 27. Bd5 b5 28. f3 Kf6 29. g4 fxg4 1/2-1/2

[Event "Klatovy Open-C 2024"]
[Site "Klatovy"]
[Date "2024.07.04"]
[Round "6.4"]
[White "Mlynek, Petr"]
[Black "Navratil, Jiri"]
[Result "1/2-1/2"]
[ECO "E09"]
[WhiteElo "1969"]
[BlackElo "2058"]
[Annotator "NA RC"]
[PlyCount "72"]
[EventDate "2024.06.21"]
[EventType "swiss"]
[EventCountry "CZE"]
[SourceTitle "playchess.com"]
[Source "ChessBase"]
[SourceQuality "1"]
[TimeControl "40/7200:0"]

1. d4 d5 2. c4 e6 3. Nf3 Nf6 4. g3 Be7 5. Bg2 O-O 6. O-O Nbd7 7. Nbd2 c6 8. Qc2 h6 9. e4 dxe4 10. Nxe4 Nxe4 11. Qxe4 c5 12. Be3 cxd4 13. Bxd4 Bf6 14. Rfd1 Bxd4 15. Rxd4 Qb6 16. Rad1 Qxb2 17. Rxd7 Bxd7 18. Rxd7 Qxa2 19. Rxb7 Rad8 20. Rb1 Rc8 21. Bf1 Rfd8 22. Bd3 Kf8 23. Rb7 Qa5 24. Qf4 f6 25. Nh4 Rxd3 26. Ng6+ Ke8 27. Re7+ Kd8 28. Rxe6 Qa1+ 29. Kg2 Qd4 30. Re4 Qd6 31. Qg4 Rc5 32. Qe2 Rd2 33. Qe3 Rd3 34. Qe2 Rd2 35. Qe3 Rd3 36. Qe2 Rd2 1/2-1/2

[Event "Klatovy Open-C 2024"]
[Site "Klatovy"]
[Date "2024.07.04"]
[Round "6.5"]
[White "Turner, Radek"]
[Black "Pokora, Lubomir"]
[Result "1-0"]
[ECO "A25"]
[WhiteElo "2012"]
[BlackElo "1857"]
[Annotator "NA RC"]
[PlyCount "91"]
[EventDate "2024.06.21"]
[EventType "swiss"]
[EventCountry "CZE"]
[SourceTitle "playchess.com"]
[Source "ChessBase"]
[SourceQuality "1"]
[TimeControl "40/7200:0"]

1. c4 e5 2. g3 Nc6 3. Nc3 g6 4. Bg2 Bg7 5. e3 f5 6. Nge2 d6 7. d3 Nf6 8. Rb1 O-O 9. b4 h6 10. b5 Ne7 11. Nd5 Nexd5 12. cxd5 b6 13. e4 a6 14. bxa6 Rxa6 15. Qc2 Bd7 16. O-O g5 17. f3 Ne8 18. a3 h5 19. d4 fxe4 20. fxe4 Rxf1+ 21. Bxf1 Ra5 22. Qd2 g4 23. Bb2 Qf6 24. Bg2 Bh6 25. Qc3 exd4 26. Nxd4 Rc5 27. Qd3 Qg5 28. Qf1 Qe3+ 29. Kh1 Bg7 30. Ne6 Bxb2 31. Nxc5 bxc5 32. Rxb2 Qxa3 33. Rf2 Qa4 34. Rf8+ Kh7 35. Qf7+ Ng7 36. Qg8+ Kg6 37. Rf1 Bb5 38. Qf7+ Kh7 39. Rc1 Qd4 40. Qf4 Bd3 41. Re1 c4 42. e5 dxe5 43. Qxe5 Qxe5 44. Rxe5 c3 45. Be4+ Bxe4+ 46. Rxe4 1-0

[Event "Klatovy Open-C 2024"]
[Site "Klatovy"]
[Date "2024.07.04"]
[Round "6.6"]
[White "Danko, Jiri"]
[Black "Havelka, Petr"]
[Result "1-0"]
[ECO "B01"]
[WhiteElo "1954"]
[BlackElo "1851"]
[Annotator "NA RC"]
[PlyCount "29"]
[EventDate "2024.06.21"]
[EventType "swiss"]
[EventCountry "CZE"]
[SourceTitle "playchess.com"]
[Source "ChessBase"]
[SourceQuality "1"]
[TimeControl "40/7200:0"]

1. e4 d5 2. exd5 Qxd5 3. Nc3 Qd8 4. Bc4 Nf6 5. Nf3 e6 6. Qe2 Be7 7. Ne5 O-O 8. O-O a6 9. a4 Bd7 10. d4 Nc6 11. Be3 Nb4 12. Rfe1 Nbd5 13. Bd2 c5 14. Bxd5 exd5 15. Nxd7 1-0

[Event "Klatovy Open-C 2024"]
[Site "Klatovy"]
[Date "2024.07.04"]
[Round "6.7"]
[White "Novotny, Jaroslav"]
[Black "Navratilova, Alena"]
[Result "1-0"]
[ECO "C02"]
[WhiteElo "2172"]
[BlackElo "1729"]
[Annotator "RC"]
[PlyCount "47"]
[EventDate "2024.06.21"]
[EventType "swiss"]
[EventCountry "CZE"]
[SourceTitle "playchess.com"]
[Source "ChessBase"]
[SourceQuality "1"]
[TimeControl "40/7200:0"]

1. e4 e6 2. d4 d5 3. e5 c5 4. c3 Bd7 5. Nf3 h6 6. Bd3 Nc6 7. dxc5 Bxc5 8. O-O Nge7 9. Nbd2 Qc7 10. Nb3 Bb6 11. Re1 O-O-O 12. Be3 g5 13. Bxb6 Qxb6 14. Qe2 Nf5 15. Rac1 Kb8 16. g4 Nfe7 17. Qe3 Qxe3 18. Rxe3 Rdf8 19. Nbd4 f5 20. exf6 Rxf6 21. Rce1 Nxd4 22. Nxd4 Rhf8 23. Nxe6 Rxf2 24. Nxf8 1-0

[Event "Klatovy Open-C 2024"]
[Site "Klatovy"]
[Date "2024.07.04"]
[Round "6.8"]
[White "Fiser, Jiri"]
[Black "Hlavac, Rudolf"]
[Result "1/2-1/2"]
[ECO "D04"]
[WhiteElo "2134"]
[BlackElo "1927"]
[Annotator "RC"]
[PlyCount "94"]
[EventDate "2024.06.21"]
[EventType "swiss"]
[EventCountry "CZE"]
[SourceTitle "playchess.com"]
[Source "ChessBase"]
[SourceQuality "1"]
[TimeControl "40/7200:0"]

1. Nf3 Nf6 2. b3 d5 3. Bb2 Nbd7 4. e3 g6 5. d4 Bg7 6. Bd3 b6 7. Nbd2 c5 8. O-O Bb7 9. c4 O-O 10. Rc1 Rc8 11. a3 dxc4 12. bxc4 cxd4 13. exd4 Nc5 14. Bb1 Nfe4 15. Nxe4 Bxe4 16. Bxe4 Nxe4 17. Qe2 Nd6 18. Rfd1 e6 19. Ne5 Nf5 20. d5 exd5 21. Rxd5 Qg5 22. Nf3 Qe7 23. Qxe7 Nxe7 24. Bxg7 Nxd5 25. Bxf8 Kxf8 26. Kf1 Nf4 27. g3 Ne6 28. Ke2 Nc5 29. Rc3 h5 30. h4 Na4 31. Rc2 Ke7 32. Nd4 a6 33. Ke3 Kd6 34. f3 Re8+ 35. Kd2 Re5 36. Rc1 Nb2 37. Rc2 Na4 38. Rc1 Nc5 39. Rb1 Nd7 40. Rc1 Ra5 41. Rc3 Ne5 42. Kc2 Rc5 43. Kb3 Rc8 44. Kb4 Nc6+ 45. Nxc6 Kxc6 46. Re3 Rc7 47. Kc3 Rd7 1/2-1/2

[Event "Klatovy Open-C 2024"]
[Site "Klatovy"]
[Date "2024.07.04"]
[Round "6.9"]
[White "Macho, Miloslav"]
[Black "Zidu, Jan"]
[Result "0-1"]
[ECO "D04"]
[WhiteElo "1845"]
[BlackElo "1905"]
[Annotator "NA RC"]
[PlyCount "54"]
[EventDate "2024.06.21"]
[EventType "swiss"]
[EventCountry "CZE"]
[SourceTitle "playchess.com"]
[Source "ChessBase"]
[SourceQuality "1"]
[TimeControl "40/7200:0"]

1. Nf3 d5 2. e3 Nf6 3. d4 Bf5 4. c3 c6 5. Be2 h6 6. Nbd2 Nbd7 7. O-O Qc7 8. Re1 g5 9. Nf1 Ne4 10. c4 e6 11. c5 Bg7 12. N3d2 b6 13. cxb6 axb6 14. Nxe4 Bxe4 15. Ng3 Bg6 16. Nh5 Bf8 17. Bd3 Bxd3 18. Qxd3 Bd6 19. h3 O-O-O 20. Bd2 f5 21. Rec1 Nb8 22. b4 Qf7 23. Ng3 f4 24. Nf1 f3 25. g3 Qh5 26. Kh2 g4 27. h4 Qxh4+ 0-1

[Event "Klatovy Open-C 2024"]
[Site "Klatovy"]
[Date "2024.07.04"]
[Round "6.10"]
[White "Vachal, Josef"]
[Black "Vavrinek, Tomas"]
[Result "1/2-1/2"]
[ECO "B33"]
[WhiteElo "2099"]
[BlackElo "1827"]
[Annotator "NA RC"]
[PlyCount "38"]
[EventDate "2024.06.21"]
[EventType "swiss"]
[EventCountry "CZE"]
[SourceTitle "playchess.com"]
[Source "ChessBase"]
[SourceQuality "1"]
[TimeControl "40/7200:0"]

1. e4 c5 2. Nf3 Nc6 3. d4 cxd4 4. Nxd4 Nf6 5. Nc3 e5 6. Ndb5 d6 7. Bg5 a6 8. Na3 b5 9. Nd5 Be7 10. Bxf6 Bxf6 11. Nxf6+ Qxf6 12. c3 O-O 13. Bd3 Bb7 14. Nc2 Rfd8 15. Ne3 Ne7 16. O-O d5 17. exd5 Nxd5 18. Nxd5 Bxd5 19. Qe2 Qg5 1/2-1/2

[Event "Klatovy Open-C 2024"]
[Site "Klatovy"]
[Date "2024.07.07"]
[Round "9.3"]
[White "Korsa, Jindrich"]
[Black "Chalus, Karel"]
[Result "1-0"]
[ECO "B23"]
[WhiteElo "2036"]
[BlackElo "1982"]
[Annotator "NA RC"]
[PlyCount "65"]
[EventDate "2024.06.21"]
[EventType "swiss"]
[EventCountry "CZE"]
[SourceTitle "playchess.com"]
[Source "ChessBase"]
[SourceQuality "1"]
[TimeControl "40/7200:0"]

1. e4 c5 2. Nc3 Nc6 3. g4 e6 4. d3 d5 5. Bg2 d4 6. Nce2 {[%emt 0:00:00] B23: Closed Sicilian: Lines without g3.} e5 7. Ng3 Be6 8. h3 Qb6 9. N1e2 O-O-O 10. f4 f6 11. b3 g6 12. O-O c4 13. f5 cxd3 14. cxd3 gxf5 15. exf5 Bd5 (15... Bf7 $11) 16. Ne4 (16. Bxd5 $14 Rxd5 17. Ne4) 16... h5 17. g5 fxg5 18. Bxg5 Rd7 {[%emt 0:02:36] [#]} (18... Kb8 $11 {keeps the balance.}) 19. h4 $1 Bxe4 20. Bxe4 Nb4 21. Ng3 Nd5 22. Bxd5 Rxd5 23. Ne4 Ne7 24. Qf3 Kb8 25. Rae1 Nc6 26. Kh1 Qc7 27. Rg1 Qf7 28. Rg2 $16 Ra5 29. Reg1 Ne7 30. Bxe7 Bxe7 31. Rg7 Qd5 32. Rxe7 Rxa2 33. f6 1-0